Map: Kairos Junction LE

Players

SouLeer - Winner!

  • Race: Zerg Zerg
  • Spawn Location: 5:00

Sakura

  • Race: Protoss Protoss
  • Spawn Location: 11:00

Event: 2019 WCS Summer

VOD

Have the link to the VOD?

Description

Time

  • Played on: July 12, 2019, 11:27 a.m.
  • Length: 9:15

All games in this series

Show
View Real Time Build Order
Export as new Build Order

SouLeer Zerg - Winner!

Build Orders: Hatch First 

Get SALT Encoding   

  12  0:00  Drone  
  13  0:12  Overlord  
  13  0:16  Drone  
  14  0:31  Drone x2  
  16  0:48  Hatchery  
  15  0:51  Drone  
  15  0:54  Drone  
  17  0:58  Drone  
  18  1:08  Extractor  
  17  1:14  Spawning Pool  
  17  1:17  Drone  
  17  1:21  Drone  
  18  1:28  Drone  
  19  1:39  Drone  
  20  1:50  Overlord  
  20  2:01  Zergling x2, Queen x2  
  22  2:02  Zergling x2  
  26  2:09  Metabolic Boost  
  26  2:13  Drone  
  26  2:15  Drone  
  28  2:21  Drone x2  
  30  2:38  Hatchery  
  30  2:41  Drone  
  30  2:43  Drone  
  31  2:46  Drone x2  
  33  2:54  Queen  
  35  2:59  Overlord  
  35  3:01  Drone  
  36  3:10  Extractor  
  36  3:11  Drone  
  37  3:17  Drone x5  
  42  3:24  Drone  
  42  3:26  Spore Crawler  
  42  3:28  Drone  
  43  3:35  Overlord  
  43  3:37  Drone  
  44  3:45  Extractor  
  44  3:47  Zergling x2  
  44  3:52  Zergling x2  
  44  3:53  Zergling x8, Lair  
  49  3:58  Spore Crawler  
  49  4:01  Drone x3  
  51  4:06  Drone x2, Roach Warren  
  51  4:09  Spore Crawler  
  51  4:10  Drone x2  
  51  4:13  Overlord  
  53  4:20  Overlord  
  52  4:27  Extractor  
  52  4:28  Zergling x4  
  52  4:50  Roach x7  
  52  4:51  Drone  
  66  4:56  Drone x5  
  70  5:00  Drone x3  
  70  5:02  Drone  
  70  5:05  Drone  
  72  5:09  Spore Crawler  
  72  5:12  Drone x2  
  69  5:18  Overseer  
  70  5:22  Glial Reconstitution  
  70  5:25  Roach x2  
  70  5:27  Overlord x2  
  74  5:28  Overlord  
  74  5:32  Extractor  
  74  5:34  Overlord  
  73  5:38  Overseer  
  73  5:47  Roach x5  
  83  5:54  Roach x3  
  83  5:56  Overlord  
  87  6:00  Drone x2, Extractor  
  87  6:01  Drone  
  87  6:03  Drone  
  90  6:05  Drone  
  90  6:06  Drone  
  90  6:08  Drone  
  93  6:13  Overlord  
  93  6:15  Queen  
  97  6:18  Ravager x2  
  97  6:21  Roach  
  97  6:24  Drone  
  99  6:27  Roach x2  
  103  6:33  Roach x2  
  103  6:36  Nydus Network  
  103  6:39  Roach x2  
  110  6:43  Overlord  
  110  6:45  Overlord  
  110  6:47  Roach  
  112  6:55  Ravager, Overlord  
  112  6:59  Overlord  
  113  7:02  Overlord x2  
  113  7:05  Roach x3  
  113  7:07  Roach  
  121  7:16  Zergling x2, Ravager x4  
  121  7:17  Zergling x12  
  121  7:18  Ravager x3  
  121  7:21  Roach  
  137  7:23  Roach  
  136  7:32  Roach  
  136  7:33  Roach x2  
  136  7:35  Roach  
  136  7:36  Roach  
  136  7:38  Roach  
  136  7:42  Roach x2  
  136  7:43  Zergling x8  
  126  7:50  Zergling x6  
  108  7:53  Roach  
  108  7:56  Roach  
  112  7:58  Zergling x4  
  109  8:06  Roach x3  
  109  8:09  Roach x3  
  109  8:10  Roach  
  109  8:12  Roach  
  115  8:14  Ravager  
  115  8:18  Roach  
  118  8:21  Queen  
  118  8:23  Roach x5  
  129  8:28  Ravager  
  129  8:30  Ravager  
  129  8:31  Ravager  
  129  8:34  Roach  
  129  8:37  Drone x3  
  129  8:38  Extractor, Roach x2  
  134  8:41  Roach  
  134  8:47  Roach x3  
  140  8:51  Zergling x4  
  140  8:55  Zergling x4  
Show
View Real Time Build Order
Export as new Build Order

Sakura Protoss 

Build Orders: 1 Gate Expand, Archon Immortal, Archon Drop, Dark Templar Rush 

Get SALT Encoding   

  12  0:00  Probe  
  13  0:12  Probe  
  14  0:17  Pylon  
  14  0:25  Probe  
  15  0:34  Probe  
  15  0:38  Gateway  
  16  0:44  Assimilator, Probe  
  17  0:53  Probe  
  18  1:05  Probe  
  19  1:17  Probe  
  20  1:25  Nexus  
  20  1:32  Probe  
  21  1:38  Cybernetics Core  
  21  1:46  Assimilator  
  21  1:48  Probe  
  22  1:54  Pylon  
  22  2:00  Probe  
  23  2:04  Stalker  
  23  2:12  Probe  
  23  2:15  Warp Gate  
  26  2:24  Probe, Twilight Council  
  27  2:33  Probe  
  27  2:34  Adept  
  30  2:38  Probe  
  30  2:41  Probe  
  32  2:52  Robotics Facility  
  32  2:53  Probe  
  32  2:55  Probe  
  35  3:05  Probe  
  35  3:09  Probe  
  36  3:13  Dark Shrine  
  36  3:17  Gateway  
  36  3:19  Probe  
  37  3:21  Probe  
  38  3:28  Gateway  
  38  3:30  Warp Prism  
  38  3:33  Gateway  
  40  3:48  Pylon  
  40  3:54  Assimilator, Pylon  
  40  3:56  Assimilator, Probe  
  40  3:58  Probe  
  40  4:02  Adept  
  44  4:08  Probe  
  45  4:11  Probe  
  46  4:21  Probe  
  46  4:22  Shield Battery  
  47  4:31  Dark Templar x3  
  47  4:36  Dark Templar  
  55  4:44  Probe  
  52  4:53  Probe  
  52  4:55  Pylon  
  52  4:57  Probe  
  54  5:05  Probe  
  55  5:08  Immortal  
  55  5:09  Probe  
  55  5:11  Charge  
  58  5:15  Dark Templar x2  
  58  5:17  Pylon  
  58  5:19  Archon x2  
  61  5:28  Gateway  
  60  5:29  Gateway  
  60  5:38  Gateway  
  60  5:39  Gateway  
  60  5:45  Sentry x2  
  64  5:50  Immortal  
  68  6:02  Sentry, Pylon  
  68  6:04  Zealot  
  72  6:22  Dark Templar x2  
  72  6:23  Nexus  
  72  6:25  Pylon  
  76  6:32  Archon  
  76  6:43  Dark Templar x2  
  76  6:44  Zealot x3  
  86  6:49  Archon  
  86  6:52  Pylon  
  86  6:53  Zealot  
  88  7:09  Dark Templar x2  
  88  7:10  Zealot x3  
  88  7:13  Archon  
  88  7:15  Zealot  
  100  7:19  Zealot  
  100  7:32  Dark Templar x2  
  100  7:33  Zealot x2  
  98  7:40  Zealot x2  
  84  7:44  Zealot x2  
  74  7:53  Dark Templar  
  74  7:54  Dark Templar  
  74  7:58  Archon  
  78  8:01  Immortal  
  78  8:05  Zealot x4  
  58  8:14  Sentry  
  60  8:21  Zealot x2  
  60  8:23  Probe x2  
  66  8:27  Sentry  
  66  8:29  Zealot x2  
  66  8:30  Probe  
  66  8:33  Immortal  
  73  8:35  Probe x2  
  75  8:42  Probe  
  75  8:47  Sentry x2  
  75  8:48  Pylon  
  84  9:02  Zealot x4  
Tags
 
Add a new tag
Caveats
  • Supply blocks, unpowered buildings, or Contaminate may cause inaccurate times.
  • Supply counts are checked every 10 seconds.